 Dungeon Crawl Stone Soup version 0.27.0-1-g7a089689b8 (webtiles) character file.

Game seed: 12485786224395921572

64 tilp the Chopper (level 4, -11/34 HPs)
             Began as a Formicid Warper on Aug 3, 2021.
             Mangled by Sigmund (13 damage)
             ... on level 2 of the Dungeon.
             The game lasted 00:03:43 (1988 turns).

tilp the Chopper (Formicid Warper)                  Turns: 1988, Time: 00:03:43

Health: -11/34     AC:  4    Str: 17    XL:     4   Next: 32%
Magic:  7/7        EV: 15    Int: 12    God:
Gold:   61         SH:  0    Dex: 10    Spells: 7/7 levels left

rFire    . . .     SeeInvis +   a - +0 hand axe
rCold    . . .     Faith    .   (no shield)
rNeg     . . .     Spirit   .   b - +0 leather armour
rPois    .         Reflect  .   (helmet unavailable)
rElec    .         Harm     .   (no cloak)
rCorr    .         Rampage  .   (no gloves)
Will     .....                  n - +0 pair of boots
Stlth    ..........             (no amulet)
HPRegen  0.11/turn              k - +4 ring of evasion
MPRegen  0.10/turn              (no ring)

@: confused, attractive
A: permanent stasis, dig shafts and tunnels, antennae 3, four strong arms
a: Dig, Shaft Self


You were on level 2 of the Dungeon.
You visited 1 branch of the dungeon, and saw 2 of its levels.

You collected 61 gold pieces.

Inventory:

Hand Weapons
 a - a +0 hand axe (weapon)
Missiles
 j - 5 boomerangs (quivered)
 o - 13 poisoned darts
Armour
 b - a +0 leather armour (worn)
 n - a +0 pair of boots (worn)
Jewellery
 k - a +4 ring of evasion (left hand)
Scrolls
 f - a scroll of noise
 l - a scroll of fog {unknown}
Potions
 i - a potion of brilliance
 m - a potion of lignification


   Skills:
 + Level 2.3 Fighting
 * Level 4.1 Axes
 - Level 1.0 Throwing
 - Level 1.1 Armour
 + Level 1.9 Dodging
 - Level 2.1 Spellcasting
 - Level 2.6 Translocations


You had 7 spell levels left.
You didn't know any spells.
Your spell library contained the following spells:

 Spells                   Type           Power      Damage    Failure   Level
 Gell's Gravitas          Tloc           3%         N/A       32%         3
 Lesser Beckoning         Tloc           3%         N/A       32%         3
 Teleport Other           Tloc           7%         N/A       32%         3
 Manifold Assault         Tloc           7%         N/A       96%         5
 Blink                    Tloc           Unusable   N/A       N/A         2

Dungeon Overview and Level Annotations

Branches:
Dungeon (2/15)

Altars:

Annotations:
D:2 Sigmund, Terence


Innate Abilities, Weirdness & Mutations

You cannot be hasted, slowed, berserked, paralysed or teleported.
You can dig through walls and to a lower floor.
You have a pair of large antennae on your head. (SInv)
Your four strong arms can wield two-handed weapons with a shield.


Message History

You're too confused to attack without stumbling around!
You closely miss Sigmund.
Sigmund is lightly wounded.
Sigmund misses you.
You're too confused to attack without stumbling around!
You're too confused to attack without stumbling around!
You're too confused to attack without stumbling around!
You're too confused to attack without stumbling around!
You're too confused to attack without stumbling around!
You're too confused to attack without stumbling around!
You're too confused to attack without stumbling around!
You're too confused to attack without stumbling around!
Sigmund looks at you with fury. Sigmund gestures at you while chanting.
You are more confused.
Sigmund closely misses you. Sigmund is pulled toward you!
Sigmund barely misses you.
You barely miss Sigmund.
Sigmund is lightly wounded.
Sigmund says, "You will soon forget everything."
Sigmund hits you with a +1 vampiric scythe.
* * * LOW HITPOINT WARNING * * *
Sigmund draws strength from your wounds!
Sigmund gestures at you while chanting. You resist with some effort.
You're too confused to attack without stumbling around!
Sigmund completely misses you.
You bump into the rock wall.
Sigmund misses you. Sigmund closely misses you.
You feel a little less clever now. Sigmund barely misses you.
Sigmund barely misses you. Sigmund misses you.
You bump into the rock wall.
Sigmund points at you and mumbles some strange words.
The puff of flame hits you!
* * * LOW HITPOINT WARNING * * *
You closely miss Sigmund.
Sigmund is lightly wounded.
Sigmund is no longer moving quickly.
Sigmund hits you with a +1 vampiric scythe!
You die...

........###.# #.....†.# ###''####
#.# #.......# ........# #.#
#.......###### #######.# #.#
#............. #######.###'##
###........... #............#
#........... #............#
###+#.########
#.....)......####.....####
#............##.@......<.#
#............##.#@.....###
.............##.#####..#
.............##.##.....##########
.............##..................
.....##..........#...............
.....##..........##.#............
.....##..........####.....÷......
.....##....>........'............


You could see Sigmund (invisible).

Vanquished Creatures
  Jessica (D:2)
  An adder (D:2)
  A dart slug (D:2)
  2 bats (D:2)
  3 endoplasms
  3 giant cockroaches
  6 goblins
  A hobgoblin (D:1)
  A quokka (D:1)
  2 frilled lizards
  A kobold (D:1)
  3 rats
25 creatures vanquished.

Notes
Turn   | Place    | Note
-------+----------+-------------------------------------------
     0 | D:1      | tilp the Formicid Warper began the quest for the Orb.
     0 | D:1      | Reached XP level 1. HP: 16/16 MP: 3/3
   447 | D:1      | Reached XP level 2. HP: 22/22 MP: 5/5
   517 | D:1      | Found a faded altar of an unknown god.
   818 | D:2      | Reached skill level 3 in Axes
  1186 | D:2      | Reached XP level 3. HP: 27/27 MP: 6/6
  1324 | D:2      | Noticed Jessica
  1338 | D:2      | Killed Jessica
  1339 | D:2      | Reached skill level 4 in Axes
  1339 | D:2      | Reached XP level 4. HP: 25/33 MP: 7/7
  1467 | D:2      | Noticed Terence
  1920 | D:2      | Noticed Sigmund
  1988 | D:2      | Mangled by Sigmund

Illustrated notes

Levels and vault maps discovered:
D:1:      lightli_arrival_boilingwater, layout_basic,
          shapermc_ecumenical_altar_venn, feat_on_display
D:2:      kennysheep_big_flooded_room, layout_basic, serial_glass,
          glass_columns_a, glass_columns_b, glass_columns_b,
          chequers_serial_rivers_micro_b, uniq_jessica, uniq_sigmund,
          uniq_terence

Skill      XL: |  1  2  3 |
---------------+----------+-----
Axes           | 3 4 |  4.1
Fighting       | |  2.3
Throwing       | |  1.0
Armour         | |  1.1
Dodging        | |  1.9
Spellcasting   | |  2.1
Translocations | |  2.6

Action                   |  1- 3 |  4- 6 || total
-------------------------+-------+-------++-------
Melee: Hand axe          |    62 |    23 ||    85
Throw: Boomerang         |     6 |     5 ||    11
  Use: Scroll            |     3 |       ||     3
       Potion            |       |     7 ||     7
 Stab: Sleeping          |     1 |       ||     1
Armor: Leather armour    |    23 |     4 ||    27
       Skin              |       |    21 ||    21
Dodge: Dodged            |    44 |    24 ||    68
